 Dungeon Crawl Stone Soup version 0.29.1-1-gd02db6906a (webtiles) character file.

Game seed: 8176687874427169017

8333 hawla the Arsonist (level 11, -3/56 (79) HPs)
             Began as a Meteoran Fire Elementalist on Oct 8, 2022.
             Slain by a hornet (15 damage)
             ... on level 9 of the Dungeon.
             The game lasted 00:26:26 (5982 turns).

hawla the Arsonist (Meteoran Fire Elementalist)     Turns: 5982, Time: 00:26:27

HP:   -3/56 (79)    AC:  6    Str:  9    XL:     11   Next: 83%
MP:   9/29          EV: 13    Int: 27    God:
Gold: 472           SH:  0    Dex: 16    Spells: 25/36 levels left

rFire   + . .      SeeInvis .   (no weapon)
rCold   x . .      Faith    .   (no shield)
rNeg    . . .      Spirit   .   n - +1 leather armour of Nucocebb {Int+6}
rPois   .          Reflect  .   c - +0 helmet
rElec   .          Harm     .   o - +0 cloak
rCorr   .          Rampage  .   (no gloves)
Will    ++...                   (no boots)
Stlth   +.........              (no amulet)
HPRegen 0.18/turn               j - ring of fire
MPRegen 0.21/turn               t - ring of willpower

@: about to teleport, glowing, very heavily drained
A: sense surroundings 2, otherworldly, glowing, explore regen
a: no special abilities


You were on level 9 of the Dungeon.
You visited 2 branches of the dungeon, and saw 11 of its levels.
You also visited: Sewer.

You collected 495 gold pieces.
You spent 23 gold pieces at shops.

Inventory:

Armour
 c - a +0 helmet (worn)
 n - the +1 leather armour of Nucocebb (worn) {Int+6}
   (You found it on level 3 of the Dungeon)

   Int:       It affects your intelligence (+6).
 o - a +0 cloak (worn)
Jewellery
 j - a ring of fire (left hand)
 t - a ring of willpower (right hand)
Wands
 a - a wand of paralysis (15)
 p - a wand of mindburst (15)
 s - a wand of roots (1)
 v - a wand of digging (5)
 x - a wand of quicksilver (2)
Scrolls
 d - 6 scrolls of teleportation
 l - a scroll of amnesia
 q - a scroll of enchant weapon
 w - a scroll of poison
Potions
 b - 2 potions of magic
 e - 4 potions of heal wounds
 f - 5 potions of flight
 h - 7 potions of might
 i - 3 potions of curing
 k - 2 potions of resistance
 m - 4 potions of brilliance
 u - a potion of attraction
 z - 2 potions of cancellation


   Skills:
 + Level 1.9 Fighting
 + Level 4.5 Dodging
 - Level 1.4 Stealth
 + Level 13.1 Spellcasting
 + Level 7.4 Conjurations
 + Level 13.7 Fire Magic


You had 25 spell levels left.
You knew the following spells:

 Your Spells              Type           Power      Damage    Failure   Level
a - Foxfire               Conj/Fire      100%       2x1d9     1%          1
b - Scorch                Fire           100%       2d10      1%          2
c - Flame Wave            Conj/Fire      85%        2d18      1%          4
d - Iskenderun's Mystic   Conj/Tloc      37%        2d9       10%         4

Your spell library contained the following spells:

 Spells                   Type           Power      Damage    Failure   Level
 Magic Dart               Conj           100%       1d8       1%          1
 Static Discharge         Conj/Air       37%        3-8/arc   1%          2
 Conjure Flame            Conj/Fire      85%        6-21      1%          3
 Ignite Poison            Fire/Tmut/Pois 59%        N/A       1%          3
 Inner Flame              Hex/Fire       70%        N/A       1%          3
 Dazzling Flash           Conj/Hex       74%        N/A       2%          3
 Mephitic Cloud           Conj/Pois/Air  31%        N/A       4%          3
 Call Imp                 Summ           17%        N/A       7%          2
 Ensorcelled Hibernation  Hex/Ice        34%        N/A       7%          2
 Passwall                 Tmut/Erth      14%        N/A       7%          2
 Starburst                Conj/Fire      42%        6d12      9%          6
 Ozocubu's Armour         Ice            17%        N/A       13%         3
 Portal Projectile        Hex/Tloc       34%        N/A       13%         3
 Swiftness                Air            17%        N/A       13%         3
 Tukima's Dance           Hex            17%        N/A       13%         3
 Lightning Bolt           Conj/Air       18%        1d33      26%         5
 Cause Fear               Hex            8%         N/A       41%         4
 Freezing Cloud           Conj/Ice/Air   15%        6-21      41%         5
 Blade Hands              Tmut           8%         N/A       77%         5
 Metabolic Englaciation   Hex/Ice        8%         N/A       77%         5
 Simulacrum               Ice/Necr       8%         N/A       100%        6
 Malign Gateway           Summ/Tloc      8%         N/A       100%        7
 Discord                  Hex            8%         N/A       100%        8
 Maxwell's Capacitive Co  Air            8%         ∞         100%        8
 Summon Horrible Things   Summ           8%         N/A       100%        8


Dungeon Overview and Level Annotations

Branches:
Dungeon (10/15) Zot: 701   Temple (1/1) D:4 Zot: 355   Sewer (visited)
   Lair: D:8-11         Orc: D:9-12

Altars:
Ashenzari
Cheibriados
Dithmenos
Elyvilon
Fedhas
Gozag
Hepliaklqana
Kikubaaqudgha
Makhleb
Nemelex Xobeh
Okawaru
Qazlal
Ru
Sif Muna
Trog
Uskayaw
Vehumet
Wu Jian
Xom
Yredelemnul
Zin
The Shining One

Shops:
D:1 *   D:3 ?


Innate Abilities, Weirdness & Mutations

You passively map the area around you.
You are easily found by Zot.
You glow in the dark.
You regain HP and MP as you explore.


Message History

The hornet stings you!
You feel yourself slow down.
There is an escape hatch in the ceiling here.
You feel yourself speed up. The hornet closely misses you.
The hornet stings you!
* * * LOW HITPOINT WARNING * * *
You are poisoned.
You feel yourself slow down. A mysterious force pulls you upwards.
The hatch slams shut behind you.
You feel yourself speed up.
* * * LOW HITPOINT WARNING * * *
You feel very sick.
You feel better. The hornet misses you. The hornet closely misses you.
Casting: Scorch (safe; 1% risk of failure)
Confirm with . or Enter, or press ? or * to list all spells.
Casting: Flame Wave (dangerous; 1% risk of failure)
Press: ? - help, Dir - look around, f - activate You feel a surge of power!
A wave of flame ripples out!
The flame wave engulfs the hornet.
The hornet is lightly wounded. (Press . to intensify the flame waves.)
The hornet stings you!
* * * LOW HITPOINT WARNING * * *
You are lethally poisoned!
You feel yourself slow down.
You feel better.
You feel yourself speed up. The hornet stings you.
* * * LOW HITPOINT WARNING * * *
You are lethally poisoned!
You feel yourself slow down. The hornet closely misses you.
As you read the scroll of teleportation, it crumbles to dust.
You feel strangely unstable.
* * * LOW HITPOINT WARNING * * *
You feel very sick. The hornet closely misses you. The hornet misses you.
The hornet closely misses you.
You feel better.
You feel yourself speed up. The hornet closely misses you.
The hornet stings you!
You die...

########..........#
..................#
..................#
..................#
..................#
..................#
..................#
..................#
##########.....)@.#
.........#.......y#
..#####..'........#
..# #..#........#
..# #..#..#######
..# #..#.[#
..#####..#..#
.........#..#
.........#..########


You could see a hornet.

Vanquished Creatures
  Erolcha (D:9)
  3 two-headed ogres
  A komodo dragon (D:10)
  A hornet (D:9)
  Grinder (Sewer)
  Sigmund (D:4)
  A wyvern (D:10)
  4 yaks
  2 steam dragons
  Edmund (D:4)
  2 orc warriors
  3 water moccasins
  3 sky beasts
  An ice beast (D:5)
  3 black bears
  An ogre (D:6)
  2 centaurs
  3 phantoms
  6 kobold brigands
  2 necrophages
  5 bullfrogs
  5 scorpions
  5 wights
  4 killer bees (D:8)
  A howler monkey (D:8)
  2 quasits (Sewer)
  A hound (D:6)
  2 jellies
  5 orc priests
  Ijyb (D:3)
  4 iguanas
  7 orc wizards
  Robin (D:4)
  A gnoll (D:1)
  A river rat (D:4)
  11 adders
  A shadow imp (Sewer)
  3 white imps
  5 ufetubi
  An adder zombie (Sewer)
  3 worms
  8 orcs
  16 bats
  12 endoplasms
  3 giant cockroaches
  8 goblins
  14 hobgoblins
  A quokka (D:3)
  9 ball pythons
  7 frilled lizards
  A giant cockroach zombie (Sewer)
  43 kobolds
  A kobold zombie (Sewer)
  8 rats
242 creatures vanquished.

Vanquished Creatures (collateral kills)
  2 foxfires (D:3)
2 creatures vanquished.

Vanquished Creatures (others)
  An iguana (D:6)
  An adder (D:6)
  An orc (D:6)
  349 foxfires
  9 fungi (D:7)
  A plant (D:3)
362 creatures vanquished.

Grand Total: 606 creatures vanquished

Notes
Turn   | Place    | Note
-------+----------+-------------------------------------------
     0 | D:1      | hawla the Meteoran Fire Elementalist began the quest for
                  | the Orb.
     0 | D:1      | Reached XP level 1. HP: 14/14 MP: 5/5
    36 | D:1      | Reached XP level 2. HP: 20/20 MP: 2/7
   205 | D:1      | Reached XP level 3. HP: 26/26 MP: 6/8
   208 | D:1      | Learned a level 2 spell: Scorch
   423 | D:1      | Found Geqalacw's Assorted Antiques.
   433 | D:1      | Bought a viscous ruby potion for 23 gold pieces
   498 | D:1      | Reached XP level 4. HP: 20/33 MP: 3/10
   500 | D:1      | Glimpsed the power of Zot.
   516 | D:2      | Found a shadowy altar of Dithmenos.
   681 | D:2      | Learned a level 4 spell: Flame Wave
   778 | D:2      | Found a faded altar of an unknown god.
  1100 | D:2      | Glimpsed the power of Zot.
  1194 | D:3      | Found a blossoming altar of Fedhas.
  1387 | D:3      | Reached XP level 5. HP: 38/38 MP: 8/11
  1464 | D:3      | Identified the +1 leather armour of Nucocebb {Int+6}
  1490 | D:3      | Noticed Ijyb
  1516 | D:3      | Paralysed by Ijyb for 2 turns
  1524 | D:3      | Paralysed by Ijyb for 5 turns
  1536 | D:3      | Killed Ijyb
  1537 | D:3      | Reached skill level 5 in Fire Magic
  1701 | D:3      | Glimpsed the power of Zot.
  1756 | D:4      | Found a staircase to the Ecumenical Temple.
  1761 | Temple   | Entered the Ecumenical Temple
  2011 | D:4      | Noticed Robin
  2019 | D:4      | Killed Robin
  2063 | D:3      | Found Cufeelum's Magic Scroll Boutique.
  2145 | D:4      | Reached XP level 6. HP: 41/45 MP: 2/12
  2165 | D:4      | Found a glowing drain.
  2171 | Sewer    | Entered a sewer
  2280 | Sewer    | Found a burning altar of Makhleb.
  2316 | Sewer    | Noticed Grinder
  2327 | Sewer    | Paralysed by Grinder for 3 turns
  2336 | Sewer    | Killed Grinder
  2337 | Sewer    | Reached XP level 7. HP: 20/50 MP: 0/13
  2547 | D:4      | Noticed Sigmund
  2553 | D:4      | Killed Sigmund
  2554 | D:4      | Reached skill level 5 in Conjurations
  2554 | D:4      | Reached XP level 8. HP: 58/58 MP: 4/15
  2559 | D:4      | Noticed Edmund
  2577 | D:4      | Killed Edmund
  2785 | D:4      | Glimpsed the power of Zot.
  2809 | D:5      | Entered Level 5 of the Dungeon
  2893 | D:5      | Reached skill level 5 in Spellcasting
  3024 | D:5      | Reached skill level 1 in Fighting
  3024 | D:5      | Gained mutation: You passively map the area around you.
                  | [Meteoran growth]
  3024 | D:5      | Reached XP level 9. HP: 64/64 MP: 14/18
  3427 | D:6      | Reached skill level 10 in Fire Magic
  3587 | D:6      | Reached XP level 10. HP: 71/71 MP: 14/23
  3958 | D:6      | Noticed a two-headed ogre
  3965 | D:6      | Killed a two-headed ogre
  3986 | D:6      | Glimpsed the power of Zot.
  4022 | D:7      | Reached skill level 10 in Spellcasting
  4042 | D:7      | Found a snail-covered altar of Cheibriados.
  4485 | D:8      | Found a large runed translucent door.
  4489 | D:8      | Found a large runed translucent door.
  4661 | D:8      | Reached XP level 11. HP: 70/77 MP: 9/27
  4715 | D:8      | Found a shadowy altar of Dithmenos.
  4718 | D:8      | Found a bloodstained altar of Trog.
  5186 | D:8      | Glimpsed the power of Zot.
  5331 | D:9      | Noticed a two-headed ogre
  5334 | D:9      | Killed a two-headed ogre
  5341 | D:9      | Learned a level 4 spell: Iskenderun's Mystic Blast
  5455 | D:9      | Noticed a two-headed ogre
  5460 | D:9      | Killed a two-headed ogre
  5786 | D:9      | Glimpsed the power of Zot.
  5818 | D:9      | Noticed Erolcha
  5825 | D:9      | Killed Erolcha
  5836 | D:9      | Glimpsed the power of Zot.
  5876 | D:9      | Glimpsed the power of Zot.
  5886 | D:9      | Touched by the power of Zot.
  5888 | D:10     | Entered Level 10 of the Dungeon
  5982 | D:9      | Slain by a hornet

Illustrated notes

Levels and vault maps discovered:
D:1:      spicycebolla_arrival_xxxplode, layout_basic, serial_shops, shop
D:2:      layout_basic, basic_ecumenical_altar, basic_altar, minmay_octomino_j4
D:3:      cheibrodos_old_hovel, layout_basic, fedhas_altar_2, serial_shops,
          shop, chequers_serial_rivers_micro_b, st_stairs_3,
          corexii_item_surrounded_by_moat, uniq_ijyb, uniq_crazy_yiuf_cottage
D:4:      layout_loops_ring, temple_doors_cd, portal_sewer_entry_e,
          sigmund_edmund_badplayer, uniq_robin
D:5:      layout_cave_pools, serial_rivers, chequers_serial_rivers_micro_e,
          chequers_serial_rivers_micro_b, chequers_serial_rivers_micro_e,
          chequers_serial_rivers_micro_b, grunt_ministairs_3, minmay_holes
D:6:      layout_cave_pods, minmay_pentangle
D:7:      old_forge, layout_basic, mainiacjoe_overflow_six_doors_small,
          serial_park_tiny_pond
D:8:      layout_basic, jmf_multi_god_temple2
D:9:      layout_irregular_city, uniq_erolcha
D:10:     layout_cave_pools, uniq_harold
Temple:   regret_index_temple_mists

Skill      XL: |  1  2  3  4  5  6  7  8  9 10 11 |
---------------+----------------------------------+-----
Spellcasting   | 3 4 5 8 11 13 | 13.1
Fire Magic     | 4 5 7 8 9 10 12 13 | 13.7
Conjurations   | 2 3 4 5 6 7 |  7.4
Dodging        | 3 4 |  4.5
Fighting       | 1 |  1.9
Stealth        | |  1.4

Action                   |  1- 3 |  4- 6 |  7- 9 | 10-12 || total
-------------------------+-------+-------+-------+-------++-------
Melee: Unarmed           |     8 |    14 |     7 |     9 ||    38
 Cast: Foxfire           |    35 |    75 |    59 |    39 ||   208
       Scorch            |     5 |    44 |    40 |    50 ||   139
       Flame Wave        |       |       |     4 |    27 ||    31
       Iskenderun's Myst |       |       |       |     1 ||     1
  Use: Scroll            |       |    12 |     3 |     8 ||    23
       Potion            |       |     1 |     3 |     3 ||     7
Armor: Robe              |     9 |     6 |       |       ||    15
       Leather armour    |       |    70 |    14 |    15 ||    99
Dodge: Dodged            |    15 |    93 |    41 |    47 ||   196
